 Dungeon Crawl Stone Soup version 0.31-a0-1223-gfd5aef93c1 (webtiles) character file.

Game seed: 1607252136543810493

31743 Ivernyr the Cruncher (level 13, -2/104 (107) HPs)
             Began as a Formicid Fighter on Dec 14, 2023.
             Was a Believer of Wu Jian.
             Slain by a bone dragon (9 damage)
             ... on level 3 of the Abyss.
             The game lasted 00:34:42 (14703 turns).

Ivernyr the Cruncher (Formicid Fighter)            Turns: 14703, Time: 00:34:42

HP:   -2/104 (107)  AC: 19    Str: 30    XL:     13   Next: 98%
MP:   0/13          EV: 10    Int: 12    God:    Wu Jian [**....]
Gold: 773           SH:  7    Dex: 13    Spells: 12/12 levels left

rFire   + + +        a - +0 quarterstaff (spect)
rCold   . . .        c - +0 buckler
rNeg    . . .        b - +2 scale mail {Will+}
rPois   .            (helmet unavailable)
rElec   .            k - +0 cloak
rCorr   .            q - +0 pair of gloves of the Kettle-Drum {^Drain rF+++ Int+2 Slay+3}
SInv    +            p - +0 pair of boots
Will    ++...        R - amulet of guardian spirit Stlth
                     v - +4 ring of protection
HPRegen 0.00/turn    u - +6 ring of strength
MPRegen 0.13/turn

%: guardian spirit
@: mighty, sick, lightly drained
A: permanent stasis, dig shafts and tunnels, antennae 3, four strong arms
a: Dig, Shaft Self, Renounce Religion, Wall Jump


You were on level 3 of the Abyss.
You worshipped Wu Jian.
Wu Jian was pleased with you.
You visited 3 branches of the dungeon, and saw 16 of its levels.
You visited the Abyss 1 time.

You collected 773 gold pieces.

Inventory:

Hand Weapons
 a - a +0 spectral quarterstaff (weapon)
 C - a +2 glaive of flaming
Armour
 b - a +2 scale mail of willpower (worn)
 c - a +0 buckler (worn)
 k - a +0 cloak (worn)
 p - a +0 pair of boots (worn)
 q - the +0 pair of gloves of the Kettle-Drum (worn) {^Drain rF+++ Int+2 Slay+3}
   (You found it on level 3 of the Dungeon)

   Int+2:     It affects your intelligence (+2).
   Slay+3:    It affects your accuracy & damage with ranged weapons and melee
   (+3).
   rF+++:     It renders you almost immune to fire.
   ^Drain:    It drains your maximum health when unequipped.
Jewellery
 f - a ring of protection from cold
 i - a ring of flight
 u - a +6 ring of strength (right hand)
 v - a +4 ring of protection (left hand)
 N - a +5 ring of evasion
 R - an amulet of guardian spirit (around neck)
Wands
 x - a wand of acid (9)
 z - a wand of mindburst (37)
 D - a wand of digging (13)
 G - a wand of paralysis (7)
 M - a wand of flame (5)
 T - a wand of polymorph (4)
Scrolls
 e - 2 scrolls of enchant armour {unknown}
 h - 3 scrolls of enchant weapon {unknown}
 o - a scroll of poison {unknown}
 r - 2 scrolls of amnesia {unknown}
 s - 8 scrolls of identify {unknown}
 t - a scroll of noise {unknown}
 y - 9 scrolls of teleportation {unknown}
 B - 2 scrolls of revelation {unknown}
 F - a scroll of fog {unknown}
 J - a scroll of immolation {unknown}
 K - a scroll of brand weapon {unknown}
 L - a scroll of vulnerability {unknown}
 Q - a scroll of fear {unknown}
 U - a scroll of acquirement {unknown}
Potions
 j - a potion of magic {unknown}
 l - 3 potions of degeneration {unknown}
 m - 2 potions of berserk rage {unknown}
 n - 3 potions of lignification {unknown}
 w - 2 potions of ambrosia {unknown}
 E - a potion of attraction {unknown}
 H - a potion of enlightenment {unknown}
 I - 3 potions of resistance {unknown}
 P - 2 potions of brilliance {unknown}
 S - a potion of cancellation {unknown}
Miscellaneous
 O - a phantom mirror


   Skills:
 + Level 11.8 Fighting
 * Level 14.6 Staves
 + Level 11.8 Armour
 + Level 13.8 Shields


You had 12 spell levels left.
You didn't know any spells.
Your spell library contained the following spells:

 Spells                   Type           Power      Damage    Failure   Level
 Apportation              Tloc           0%         N/A       54%         1
 Necrotise                Necr           0%         1d4       54%         1
 Sting                    Tmut/Pois      0%         1d3       54%         1
 Summon Small Mammal      Summ           0%         N/A       54%         1
 Lesser Beckoning         Tloc           0%         N/A       67%         2
 Momentum Strike          Conj/Tloc      0%         3d8       67%         2
 Poisonous Vapours        Pois/Air       0%         N/A       67%         2
 Wereblood                Tmut           0%         N/A       67%         2
 Frozen Ramparts          Ice            0%         1d1       88%         3
 Ozocubu's Armour         Ice            0%         N/A       88%         3
 Summon Guardian Golem    Hex/Summ       0%         N/A       88%         3
 Vampiric Draining        Necr           0%         2d6       88%         3
 Volatile Blastmotes      Fire/Tloc      0%         2d10      88%         3
 Fulminant Prism          Conj/Hex       0%         3d5       99%         4
 Iskenderun's Mystic Bla  Conj/Tloc      0%         2d3       99%         4
 Olgreb's Toxic Radiance  Pois           0%         N/A       99%         4
 Petrify                  Tmut/Erth      0%         N/A       99%         4
 Agony                    Necr           0%         N/A       100%        5
 Arcjolt                  Conj/Air       0%         1d10      100%        5
 Irradiate                Conj/Tmut      0%         3d11      100%        5
 Iskenderun's Battlesphe  Conj           0%         2d6       100%        5
 Metabolic Englaciation   Hex/Ice        0%         N/A       100%        5
 Bombard                  Conj/Erth      0%         9d1       100%        6
 Orb of Destruction       Conj           0%         9d5       100%        7
 Ozocubu's Refrigeration  Ice            0%         4d7       100%        7
 Spellforged Servitor     Conj/Summ      0%         N/A       100%        7
 Maxwell's Capacitive Co  Air            0%         ∞         100%        8
 Blink                    Tloc           Unusable   N/A       N/A         2
 Vhi's Electric Charge    Tloc/Air       Unusable   N/A       N/A         4

Dungeon Overview and Level Annotations

Branches:
Dungeon (12/15)            Temple (1/1) D:5            Lair (3/5) D:9
  Swamp (0/4) Lair:2       Spider (0/4) Lair:2
    Orc: D:9-12

Altars:
Ashenzari
Cheibriados
Dithmenos
Elyvilon
Fedhas
Gozag
Hepliaklqana
Kikubaaqudgha
Makhleb
Nemelex Xobeh
Okawaru
Qazlal
Ru
Sif Muna
Trog
Uskayaw
Vehumet
Wu Jian
Xom
Yredelemnul
Zin
The Shining One

Annotations:
Lair:3 Rupert


Innate Abilities, Weirdness & Mutations

You cannot be hasted, slowed, berserked, paralysed or teleported.
You can dig through walls and to a lower floor.
You have a pair of large antennae on your head. (SInv)
Your four strong arms can wield two-handed weapons with a shield.


Message History

The bone dragon is severely damaged.
The bone dragon bites you!
* * * LOW HITPOINT WARNING * * *
The bone dragon claws you but does no damage.
The bone dragon tramples you but does no damage.
Unknown command.
You hit the bone dragon but do no damage.
The bone dragon is severely damaged.
Unknown command.
It was a potion of curing.
You feel better. The bone dragon bites you!
* * * LOW HITPOINT WARNING * * *
The bone dragon claws you but does no damage.
The bone dragon tramples you but does no damage.
You feel better. The bone dragon bites you!
* * * LOW HITPOINT WARNING * * *
The bone dragon claws you but does no damage.
The bone dragon tramples you but does no damage.
You feel better. You block the bone dragon's attack. x2
The bone dragon tramples you but does no damage.
You feel better.
The bone dragon bites you but does no damage.
The bone dragon claws you but does no damage.
You block the bone dragon's attack. The bone dragon bites you!
* * * LOW HITPOINT WARNING * * *
The bone dragon claws you but does no damage.
The bone dragon misses you.
Okay, then.
You thump the bone dragon!
The bone dragon is severely damaged.
You block the bone dragon's attack. x2
The bone dragon tramples you but does no damage.
You hit the bone dragon but do no damage.
The bone dragon is severely damaged.
You bludgeon the bone dragon!!
The bone dragon is severely damaged.
The bone dragon bites you. The bone dragon claws you.
* * * LOW HITPOINT WARNING * * *
The bone dragon tramples you!
You die...

# ## #####.##
#. . ...## #
.#... .. #
.........#####{
. ,# . ..
.#.#@# . ##
.#..{#D## .# #.
.#X## #.§
..│.x### #.#
...,.# . ###..
#. { # #. #..
.# .# .. ,...
..# . #. ...
... ..


You could see a bone dragon, a tentacled starspawn and a small abomination.

Vanquished Creatures
  A tentacled starspawn (Abyss:3)
  Fannar (D:10)
  2 hydras
  A centaur warrior (D:8)
  A boulder beetle (Lair:3)
  3 two-headed ogres
  A death knight (D:8)
  2 bog bodies (Lair:2)
  A deep elf pyromancer (D:8)
  A cyclops (D:8)
  A worldbinder (Abyss:3)
  Joseph (D:7)
  A black mamba (Lair:1)
  3 elephants (Lair:2)
  6 cane toads
  2 unseen horrors (D:12)
  2 large abominations (Abyss:3)
  5 komodo dragons
  Maggie (D:7)
  6 rime drakes
  5 trolls
  2 ancient zymes (Abyss:3)
  A polar bear (Lair:3)
  A hornet (D:10)
  7 blink frogs
  A jumping spider (Lair:2)
  Sigmund (D:3)
  A vampire (D:8)
  A culicivora (Lair:2)
  3 wyverns
  20 yaks
  A ynoxinul (Abyss:3)
  A wraith (D:12)
  3 basilisks (Lair:2)
  Grum (D:10)
  18 steam dragons
  3 vampire mosquitoes (Lair:2)
  2 acid dragons
  6 water moccasins
  3 swamp drakes (Lair:2)
  An ice beast (D:6)
  2 ogres
  3 black bears
  4 centaurs
  3 wolves (D:10)
  A phantom (D:4)
  2 kobold brigands
  9 bullfrogs
  2 gnoll sergeants
  2 small abominations (Abyss:3)
  A scorpion (D:5)
  4 killer bees (D:10)
  4 howler monkeys
  A hound (D:5)
  5 jellies
  4 orc priests
  6 iguanas
  11 orc wizards
  Ijyb (D:5)
  9 gnolls
  10 adders
  A shadow imp (D:6)
  17 white imps
  7 ufetubi
  A worm (D:2)
  5 dart slugs
  21 orcs
  6 ball pythons
  4 endoplasms
  3 giant cockroaches
  4 goblins
  9 hobgoblins
  9 kobolds
  5 quokkas
  2 bats
  3 frilled lizards
  5 rats
  A spectral orc (D:3)
  2 starspawn tentacles (Abyss:3)
313 creatures vanquished.

Vanquished Creatures (others)
  4 spectral weapons
  2 starspawn tentacles (Abyss:3)
6 creatures vanquished.

Grand Total: 319 creatures vanquished

Notes
Turn   | Place    | Note
-------+----------+-------------------------------------------
     0 | D:1      | Ivernyr the Formicid Fighter began the quest for the Orb.
     0 | D:1      | Reached XP level 1. HP: 18/18 MP: 1/1
   248 | D:1      | Reached XP level 2. HP: 24/24 MP: 2/2
   788 | D:2      | Reached XP level 3. HP: 29/29 MP: 3/3
   827 | D:2      | Found a burning altar of Makhleb.
  1409 | D:3      | Reached XP level 4. HP: 36/37 MP: 4/4
  1410 | D:3      | Reached skill level 3 in Staves
  1494 | D:3      | Noticed Sigmund
  1501 | D:3      | Killed Sigmund
  1502 | D:3      | Reached skill level 4 in Staves
  1502 | D:3      | Reached skill level 5 in Shields
  1502 | D:3      | Reached XP level 5. HP: 42/42 MP: 5/5
  1502 | D:3      | Reached XP level 6. HP: 48/48 MP: 6/6
  1510 | D:3      | Identified the +0 pair of gloves of the Kettle-Drum {^Drain
                  | rF+++ Int+2 Slay+3}
  1794 | D:3      | Found a hazy altar of Hepliaklqana.
  2359 | D:4      | Reached XP level 7. HP: 55/55 MP: 7/7
  2960 | D:5      | Entered Level 5 of the Dungeon
  2965 | D:5      | Reached skill level 5 in Staves
  3034 | D:5      | Reached skill level 5 in Fighting
  3209 | D:5      | Found a staircase to the Ecumenical Temple.
  3214 | Temple   | Entered the Ecumenical Temple
  3434 | D:5      | Reached skill level 5 in Armour
  3493 | D:5      | Noticed Ijyb
  3498 | D:5      | Killed Ijyb
  3634 | D:5      | Reached XP level 8. HP: 61/62 MP: 8/8
  4092 | D:6      | Found a broken altar of Ashenzari.
  4092 | D:6      | Found a bloodstained altar of Trog.
  4106 | D:6      | Reached skill level 6 in Staves
  4198 | D:6      | Found a stormy altar of Qazlal.
  4656 | D:6      | Reached XP level 9. HP: 50/69 MP: 9/9
  5009 | D:7      | Noticed a +0 dagger
  5010 | D:7      | Found a hide-covered altar of Uskayaw.
  5010 | D:7      | Noticed a +0 hand axe
  5056 | D:7      | Reached skill level 7 in Staves
  5203 | D:7      | Found a burning altar of Makhleb.
  5255 | D:7      | Noticed a komodo dragon
  5267 | D:7      | Killed a komodo dragon
  5328 | D:7      | Noticed Maggie
  5344 | D:7      | Killed Maggie
  5345 | D:7      | Reached skill level 8 in Staves
  5526 | D:7      | Noticed Joseph
  5550 | D:7      | Killed Joseph
  5551 | D:7      | Reached XP level 10. HP: 64/79 MP: 10/10
  5806 | D:7      | Reached skill level 9 in Staves
  6117 | D:8      | Noticed a centaur warrior
  6130 | D:8      | Killed a centaur warrior
  6211 | D:8      | Noticed a cyclops
  6211 | D:8      | Noticed a deep elf pyromancer
  6225 | D:8      | Killed a deep elf pyromancer
  6228 | D:8      | Identified the +0 pearl dragon scales of Jekaj {Rampage rF+
                  | rN+ Int-3}
  6228 | D:8      | Noticed a death knight
  6229 | D:8      | Reached skill level 10 in Staves
  6233 | D:8      | Noticed a komodo dragon
  6244 | D:8      | You fall into a shaft and drop 2 floors!
  6244 | D:10     | Entered Level 10 of the Dungeon
  6447 | D:10     | Noticed a komodo dragon
  6456 | D:10     | Killed a komodo dragon
  6457 | D:10     | Reached XP level 11. HP: 60/87 MP: 11/11
  6568 | D:10     | Found a shimmering altar of Xom.
  6597 | D:10     | Reached skill level 10 in Shields
  6627 | D:10     | Noticed a two-headed ogre
  6636 | D:10     | Killed a two-headed ogre
  6680 | D:10     | Noticed Grum
  6693 | D:10     | Killed Grum
  6759 | D:10     | Noticed Fannar
  6768 | D:10     | Killed Fannar
  6769 | D:10     | Reached skill level 11 in Staves
  6960 | D:9      | Found a staircase to the Lair.
  7736 | D:8      | Noticed a five-headed hydra
  7745 | D:8      | Killed a five-headed hydra
  7999 | D:8      | Reached XP level 12. HP: 87/96 MP: 12/12
  8204 | D:8      | Found a white marble altar of Elyvilon.
  8463 | D:8      | Killed a death knight
  8464 | D:8      | Reached skill level 12 in Staves
  8897 | D:9      | Found an ornate altar of the Wu Jian Council.
  8920 | D:9      | Became a worshipper of the Wu Jian Council
  8935 | D:9      | Noticed a two-headed ogre
  8941 | D:9      | Killed a two-headed ogre
  8942 | D:9      | Reached skill level 10 in Fighting
  9131 | D:9      | Found an ancient bone altar of Kikubaaqudgha.
  9336 | D:9      | Reached skill level 10 in Armour
  9841 | D:10     | Found a snail-covered altar of Cheibriados.
  9907 | D:10     | Found a sacrificial altar of Ru.
 10496 | Lair:1   | Entered Level 1 of the Lair of Beasts
 10496 | Lair:1   | Noticed a death yak
 10496 | Lair:1   | Noticed a death yak
 10496 | Lair:1   | Noticed a death yak
 10529 | D:9      | You fall into a shaft and drop 3 floors!
 11009 | D:11     | Noticed a two-headed ogre
 11017 | D:11     | Killed a two-headed ogre
 11283 | D:11     | Noticed a skeletal warrior
 11616 | Lair:1   | Reached * piety under Wu Jian
 11836 | Lair:1   | Reached skill level 13 in Staves
 12606 | Lair:2   | Found a staircase to the Swamp.
 12619 | Lair:2   | Reached XP level 13. HP: 36/104 MP: 4/13
 13192 | Lair:2   | Identified the +6 scimitar of Exquisite Death {heavy, Will+
                  | rCorr Int+3}
 13276 | Lair:2   | Reached ** piety under Wu Jian
 13404 | Lair:2   | Noticed a seven-headed hydra
 13413 | Lair:2   | Killed a seven-headed hydra
 13477 | Lair:2   | Reached skill level 14 in Staves
 13578 | Lair:2   | Found a hole to the Spider Nest.
 14405 | Lair:3   | Found a snail-covered altar of Cheibriados.
 14427 | Lair:3   | Noticed Rupert
 14438 | Abyss:3  | Cast into level 3 of the Abyss (Rupert)
 14505 | Abyss:3  | Noticed a tentacled starspawn
 14515 | Abyss:3  | Killed a tentacled starspawn
 14649 | Abyss:3  | Noticed a bone dragon
 14677 | Abyss:3  | Noticed a tentacled starspawn
 14703 | Abyss:3  | Slain by a bone dragon

Illustrated notes

Levels and vault maps discovered:
D:1:      zaba_arrival_water, layout_loops_ring, minmay_misc_feat_x
D:2:      layout_basic, basic_altar
D:3:      layout_basic, nicolae_hepliaklqana_monster_ancestors, uniq_sigmund
D:4:      layout_basic
D:5:      layout_cave_pods, temple_doors_cd, grunt_decor_junction,
          nicolae_hexahallways, item_on_display_a, uniq_ijyb
D:6:      layout_basic, jmf_multi_god_temple, nicolae_qazlal_scattered_showers,
          serial_demonic, serial_demonic_e, serial_demonic_f, serial_demonic_b,
          serial_demonic_a
D:7:      cheibrodos_steamvent, layout_loops_ring, dancing_weapons_uskayaw,
          mainiacjoe_overflow_small_starburst, uniq_joseph, uniq_maggie
D:8:      minmay_the_grid_triangle_9x9_recursive_2
          [minmay_the_grid_triangle_9x9_prize_center,
          minmay_the_grid_triangle_9x9_zippers_vertical,
          minmay_the_grid_triangle_9x9_intruding_spiral,
          minmay_the_grid_triangle_9x9_dagger], layout_layer_cave,
          elyvilon_altar_1
D:9:      layout_irregular_city, mainiacjoe_overflow_alcove_1,
          nzn_wu_jian_contemplation, lair_entry_dummy, serial_column_ruins,
          column_ruins_hut, column_ruins_hut, column_ruins_columns_T,
          column_ruins_corridor_straight, column_ruins_corridor_dead_end
D:10:     layout_basic, kennysheep_slug_shrine, nicolae_ru_sacrificial_ziggurat,
          mainiacjoe_overflow_boulevard, chequers_serial_rivers_large_a,
          uniq_grum, uniq_fannar
D:11:     hangedman_cross_stitches, layout_gridville, serial_shops,
          nicolae_shop_tiny_statue_garden
D:12:     layout_grid_maze
Temple:   hellmonk_temple_micro_hex
Lair:1:   layout_roguey, portal_ice_cave_entry_imps
Lair:2:   layout_chaotic_city, skrybe_swamp_entry_bodies,
          spider_nest_entry_funnel_web, pond
Lair:3:   layout_hall_layers, basic_altar, bobbens_dragon_lair_wall,
          serial_bayou_shore_a, infiniplex_staircase_pool, uniq_rupert
Abyss:3:  base:
D:6

Skill      XL: |  1  2  3  4  5  6  7  8  9 10 11 12 13 |
---------------+----------------------------------------+-----
Staves         | 4 5 6 8 10 11 13 14 | 14.6
Fighting       | 4 5 6 7 8 9 10 11 | 11.8
Armour         | 4 5 7 8 9 10 11 | 11.8
Shields        | 5 6 7 8 9 11 12 13 | 13.8

Action                     |  1- 3 |  4- 6 |  7- 9 | 10-12 | 13-15 || total
---------------------------+-------+-------+-------+-------+-------++-------
  Melee: Quarterstaff      |    91 |    61 |   233 |   417 |   235 ||  1037
Ability: Shaft Self        |       |       |       |     2 |       ||     2
         Lunge             |       |       |       |    12 |    12 ||    24
         Whirlwind         |       |       |       |     4 |     8 ||    12
         Dig               |       |       |       |       |     1 ||     1
    Use: Potion            |       |       |     1 |     1 |    11 ||    13
   Stab: Distracted        |       |       |       |     2 |     2 ||     4
 Armour: Scale mail        |    51 |    41 |   144 |   120 |   174 ||   530
         Ring mail         |       |       |       |   151 |       ||   151
  Dodge: Dodged            |    43 |    25 |   112 |   130 |    70 ||   380
  Block: Buckler           |    21 |    14 |    64 |   101 |    46 ||   246

Table legend: (Time is in decaauts)
 A = Elapsed time spent in this place.
 B = Non-inter-level travel time spent in this place.
 C = Inter-level travel time spent in this place.
 D = Time resting spent in this place.
 E = Time spent auto-exploring this place.
 F = Levels seen in this place.
 G = Mean time per level.
                   A        B        C        D        E       F      G
               +--------+--------+--------+--------+--------+-----+--------+
         Total |  14582 |  13858 |    724 |   2235 |   9202 |  17 |  857.8 |
       Dungeon |  11405 |  10700 |    705 |   1264 |   7618 |  12 |  950.4 |
        Temple |      1 |      1 |      0 |      0 |      0 |   1 |    1.0 |
          Lair |   2936 |   2918 |     18 |    827 |   1584 |   3 |  978.7 |
         Abyss |    239 |    239 |      0 |    144 |      0 |   1 |  239.0 |
               +--------+--------+--------+--------+--------+-----+--------+

Top non-repeatable levels by time:
     D:8: 1892 daAuts
    D:10: 1441 daAuts
  Lair:1: 1327 daAuts
     D:9: 1156 daAuts
     D:5: 1146 daAuts
     D:4: 1088 daAuts
  Lair:2: 1010 daAuts
     D:6: 1004 daAuts
     D:7: 904 daAuts
     D:1: 718 daAuts
     D:3: 643 daAuts
     D:2: 641 daAuts
  Lair:3: 598 daAuts
    D:12: 476 daAuts
    D:11: 290 daAuts
